[Event "Early-Titled-Tuesday-Blitz-November-28-2023"]
[Site "Chess.com"]
[Date "2023.11.28"]
[Round "9"]
[White "karinachess1"]
[Black "GrumbleBruno"]
[Result "1-0"]
[WhiteElo "2587"]
[BlackElo "2448"]
[TimeControl "180+1"]
[EndTime "9:51:30 PST"]
[Termination "karinachess1 won on time"]

1. d4 Nf6 2. c4 c5 3. d5 Ne4 4.
Nf3 g6 5. g3 Bg7 6. Bg2 O-O 7.
O-O d6 8. Qc2 f5 9. Nbd2 Nf6 10.
Rb1 e5 11. dxe6 Nc6 12. b3 Bxe6 13. Bb2 Nb4 14. Qd1 h6 15. a3 Nc6 16. Qc2 Qd7 17. Rbd1 Rae8 18. Rfe1 Qc8 19. Nb1 Ne4 20. Bxg7 Kxg7 21.
Nc3 Qc7 22. Nxe4 fxe4 23. Qxe4 Bh3 24. Qd5 Bxg2 25. Kxg2 Rf6 26. Rb1 Ref8 27. Rf1 Qe7 28. Qd3 Ne5 29. Nxe5 Qxe5 30. b4 R8f7 31. e3 b6 32. Rbd1 Qh5 33. Qd5 1-0

[Event "Early-Titled-Tuesday-Blitz-November-28-2023"]
[Site "Chess.com"]
[Date "2023.11.28"]
[Round "9"]
[White "SashaKuzhilniy"]
[Black "Shield12"]
[Result "1-0"]
[WhiteElo "2648"]
[BlackElo "2911"]
[TimeControl "180+1"]
[EndTime "9:51:32 PST"]
[Termination "SashaKuzhilniy won by resignation"]

1. d4 Nf6 2. Nf3 d5 3. c3 c5 4.
e3 e6 5. Nbd2 Nbd7 6. Bd3 b6 7.
O-O Bb7 8. b3 Bd6 9. Bb2 O-O 10.
Qe2 e5 11. dxe5 Nxe5 12. Nxe5 Bxe5 13. Nf3 Bc7 14. c4 Qd6 15. cxd5 Nxd5 16. Rad1 Qe7 17.
Qc2 Nb4 18. Bxh7+ Kh8 19. Qf5 Bxf3 20. Qh3 Qg5 21. Bg6+ Bh5 22. Bxh5 Kg8 23. Rd7 Bd8 24.
Bxf7+ Rxf7 25. Rxf7 Kxf7 26. Qf3+ Bf6 27. Bxf6 Qd5 28. Qxd5+ Nxd5 29. Bb2 Nb4 30. Rd1 Nxa2 31. Rd7+ Ke6 32. Rxg7 Nb4 33. h4 Nd3 34. Bc3 b5 35.
h5 b4 36. Ba1 c4 37. bxc4 a5 38. h6 b3 39. h7 Rh8 40. Re7+ Kxe7 41. Bxh8 Kf7 42.
Bc3 b2 43. Bxb2 1-0

[Event "Early-Titled-Tuesday-Blitz-November-28-2023"]
[Site "Chess.com"]
[Date "2023.11.28"]
[Round "9"]
[White "Grandelicious"]
[Black "mishanick"]
[Result "0-1"]
[WhiteElo "2931"]
[BlackElo "3066"]
[TimeControl "180+1"]
[EndTime "9:51:34 PST"]
[Termination "mishanick won by resignation"]

1. d4 Nf6 2. c4 e6 3. Nf3 d5 4.
Nc3 Nbd7 5. g3 Be7 6. Bg2 O-O 7.
O-O c6 8. Bf4 dxc4 9. a4 Nd5 10.
Bd2 a5 11. h4 b6 12. Qc1 Bb7 13. Rd1 c5 14. Nb5 cxd4 15. Qxc4 Rc8 16. Qxd4 Bf6 17.
Qg4 Bxb2 18. Rab1 Ne5 19. Qh5 g6 20. Qg5 Nxf3+ 21. Bxf3 Bf6 22. Qg4 h5 23. Qh3 Qe7 24. Qg2 Rfd8 25. e4 Nb4 26. e5 Bxf3 27. Qxf3 Bxe5 28.
Bg5 Rxd1+ 29. Rxd1 Qe8 30. Qe4 Bb8 31. Qb7 Nd5 32.
Rd3 Qc6 33. Qa6 Nb4 34. Qxc8+ Qxc8 35. Rd8+ Qxd8 36. Bxd8 Nd5 37. Kf1 f6 38. Ke2 Kf7 39. Nd4 Ke8 0-1

[Event "Early-Titled-Tuesday-Blitz-November-28-2023"]
[Site "Chess.com"]
[Date "2023.11.28"]
[Round "9"]
[White "vovachesss"]
[Black "Andrei_Skvortsov"]
[Result "1-0"]
[WhiteElo "2861"]
[BlackElo "2732"]
[TimeControl "180+1"]
[EndTime "9:51:35 PST"]
[Termination "vovachesss won by resignation"]

1. d4 g6 2. e4 Bg7 3. h4 d5 4.
e5 h5 5. c3 Nh6 6. Bd3 c6 7.
Ne2 a5 8. Bg5 Qb6 9. Qc2 Bf5 10. Nf4 e6 11. Nd2 Nd7 12. Bxh6 Bxh6 13. Bxf5 gxf5 14. g3 c5 15. Nf3 cxd4 16. cxd4 Qb4+ 17.
Kf1 Bxf4 18. gxf4 O-O 19. Qd1 Qb5+ 20. Kg2 f6 21. Kh3 Qxb2 22. Rb1 Qxf2 23. Rg1+ Kf7 24.
Rxb7 Ke8 25. Rg3 a4 26. Qc1 Rf7 27. Qc6 Re7 28. exf6 Rf7 29. Rg8+ 1-0

[Event "Early-Titled-Tuesday-Blitz-November-28-2023"]
[Site "Chess.com"]
[Date "2023.11.28"]
[Round "9"]
[White "LUISMIGUELOV"]
[Black "amanjazu"]
[Result "1-0"]
[WhiteElo "2221"]
[BlackElo "2353"]
[TimeControl "180+1"]
[EndTime "9:51:35 PST"]
[Termination "LUISMIGUELOV won by resignation"]

1. e4 d5 2. exd5 Nf6 3. c4 c6 4. d4 cxd5 5. Nf3 Nc6 6. Nc3 Bg4 7. cxd5 Nxd5 8. Be2 e6 9. O-O Be7 10. h3 Bh5 11.
Ne4 O-O 12. Ng3 Bg6 13. Ne5 Nxe5 14. dxe5 Qc7 15. f4 Rfd8 16. Qb3 Bc2 17. Qf3 Bc5+ 18. Kh2 f6 19. exf6 Nxf6 20. Be3 Bxe3 21. Qxe3 Rd6 22. Rac1 Rad8 23. Bf3 Rd2 24. Rf2 R8d3 25. Qxe6+ Kf8 26. Rxd2 Rxd2 27. Qe3 Qd7 28. Qc5+ Kg8 29. Rxc2 Rd1 30. Qc8+ Kf7 31. Bxd1 Qxd1 32. Rc7+ Kg6 33. Qf5+ 1-0

[Event "Early-Titled-Tuesday-Blitz-November-28-2023"]
[Site "Chess.com"]
[Date "2023.11.28"]
[Round "9"]
[White "tetrix83"]
[Black "DenisQ"]
[Result "0-1"]
[WhiteElo "2532"]
[BlackElo "2686"]
[TimeControl "180+1"]
[EndTime "9:51:36 PST"]
[Termination "DenisQ won on time"]

1. e4 c6 2. d4 d5 3. exd5 cxd5 4.
Bd3 Nc6 5. c3 Nf6 6. h3 e5 7. dxe5 Nxe5 8. Nf3 Nxd3+ 9. Qxd3 Bc5 10. O-O O-O 11. Be3 Bxe3 12. Qxe3 Re8 13. Qd3 Qb6 14.
Qc2 Ne4 15. Nd4 Bd7 16. Nd2 Rac8 17. N2f3 h6 18. Rfe1 a5 19. Qb3 Qxb3 20. axb3 b6 21. Red1 Nc5 22. Re1 Nd3 23. Rxe8+ Rxe8 24. Rd1 Nc5 25.
Kf1 Bc8 26. Re1 Ba6+ 27. Kg1 Re4 28. Ra1 Bd3 29. g4 g5 30. Kg2 Ne6 31. Nxe6 fxe6 32. Kg3 Re2 33. Re1 Rxb2 34. Rxe6 Rxb3 35.
Rxh6 a4 36. Nd4 Rxc3 37. Rxb6 a3 38. Rb8+ Kf7 39. Ra8 Bc4+ 40. f3 a2 41. h4 gxh4+ 42.
Kxh4 Rc1 43. Ra7+ Ke8 0-1

[Event "Early-Titled-Tuesday-Blitz-November-28-2023"]
[Site "Chess.com"]
[Date "2023.11.28"]
[Round "9"]
[White "Arvids_Andrejevs"]
[Black "talaicito"]
[Result "1-0"]
[WhiteElo "2387"]
[BlackElo "2226"]
[TimeControl "180+1"]
[EndTime "9:51:36 PST"]
[Termination "Arvids_Andrejevs won on time"]

1. d4 e6 2. Bf4 f5 3. e3 Nf6 4.
Nf3 g6 5. h4 Bg7 6. Ne5 d6 7.
Nd3 h6 8. Nc3 O-O 9. Be2 Nc6 10.
Qd2 Ne4 11. Nxe4 fxe4 12. Nb4 e5 13. Nxc6 bxc6 14. dxe5 dxe5 15. Bg3 Qe7 16. Bc4+ Kh8 17. O-O-O a5 18. Qc3 a4 19. a3 Rb8 20. Rd2 Bg4 21.
Be2 Bxe2 22. Rxe2 Rb6 23. Qc4 Rfb8 24. c3 Kh7 25. Rd1 h5 26. Qxe4 Qe6 27. f4 Qa2 28.
Qb1 Qxb1+ 29. Kxb1 exf4 30. Bxf4 Bxc3 31. Kc2 Rb3 32.
Kd3 Bxb2+ 33. Ke4 Bxa3 34. Rd7+ 1-0

[Event "Early-Titled-Tuesday-Blitz-November-28-2023"]
[Site "Chess.com"]
[Date "2023.11.28"]
[Round "9"]
[White "Magila31"]
[Black "parintele_chess"]
[Result "1-0"]
[WhiteElo "2360"]
[BlackElo "2200"]
[TimeControl "180+1"]
[EndTime "9:51:36 PST"]
[Termination "Magila31 won on time"]

1. Nf3 Nf6 2. c4 c5 3. Nc3 Nc6 4. g3 g6 5. Bg2 Bg7 6. O-O O-O 7. d3 d5 8. cxd5 Nxd5 9. Nxd5 Qxd5 10. Be3 Bxb2 11.
Nd4 Qd7 12. Nxc6 Bxa1 13. Qxa1 bxc6 14. Bh6 f6 15. Bxf8 Kxf8 16. Rc1 Qd6 17. Qc3 Be6 18. a3 Rb8 19. f4 Qd4+ 20. Qxd4 cxd4 21. Rxc6 Bg4 22.
Kf2 Rb2 23. Bf3 Bxf3 24. Kxf3 Rb7 25. Rc4 e5 26. Rc5 exf4 27. gxf4 Re7 28. Rd5 Re3+ 29. Kf2 Rh3 30. Rxd4 Rxh2+ 31. Kf3 h5 32. Rd7 g5 33.
e4 g4+ 34. Kg3 Rh3+ 35. Kg2 h4 36. e5 fxe5 37. fxe5 Re3 38. d4 Re2+ 39. Kf1 Re4 40. Kf2 h3 41. Kg3 Re3+ 42. Kxg4 Re4+ 43. Kxh3 1-0

[Event "Early-Titled-Tuesday-Blitz-November-28-2023"]
[Site "Chess.com"]
[Date "2023.11.28"]
[Round "9"]
[White "MITerryble"]
[Black "JSPrepz"]
[Result "1-0"]
[WhiteElo "2964"]
[BlackElo "2839"]
[TimeControl "180+1"]
[EndTime "9:51:37 PST"]
[Termination "MITerryble won by resignation"]

1. d4 d5 2. Bg5 f6 3. Bc1 c5 4. dxc5 e5 5. e4 dxe4 6. Qxd8+ Kxd8 7. Nc3 f5 8. Bg5+ Be7 9. O-O-O+ Bd7 10. Bxe7+ Nxe7 11. g4 g6 12. Bc4 Kc7 13. Nge2 Bc6 14. gxf5 gxf5 15. Rhg1 Nd7 16. Rg7 Rae8 17. b4 a6 18.
a4 Nf6 19. b5 axb5 20. axb5 Bd7 21. Rd6 Nh5 22. Rxe7 Rxe7 23. Nd5+ Kd8 24. c6 Rg7 25.
Ng3 bxc6 26. bxc6 Nxg3 27. hxg3 Ke8 28. cxd7+ Kd8 29. Bb5 Rg6 30. Rxg6 hxg6 31. c4 Rh1+ 32. Kc2 Rh2 33. c5 Rxf2+ 34. Kc3 Rf3+ 35. Kb4 Rf2 36. c6 Rc2 37. Bc4 f4 38. gxf4 exf4 39. Nxf4 e3 40. Ne6+ 1-0

[Event "Early-Titled-Tuesday-Blitz-November-28-2023"]
[Site "Chess.com"]
[Date "2023.11.28"]
[Round "9"]
[White "RobertoJBM"]
[Black "Eagle_2019"]
[Result "0-1"]
[WhiteElo "2804"]
[BlackElo "2699"]
[TimeControl "180+1"]
[EndTime "9:51:37 PST"]
[Termination "Eagle_2019 won by checkmate"]

1. e4 c5 2. Nf3 Nc6 3. d4 cxd4 4. Nxd4 Nf6 5. Nc3 e5 6. Ndb5 d6 7. Bg5 a6 8. Na3 b5 9. Nd5 Be7 10. Bxf6 Bxf6 11. c4 b4 12. Nc2 a5 13. g3 O-O 14. h4 Be6 15. Qd3 a4 16. Nce3 Nd4 17. O-O-O b3 18. a3 Be7 19. f4 Bxd5 20. Nxd5 Kh8 21. Kb1 Rb8 22. f5 f6 23. g4 Rb7 24.
Be2 Qa5 25. g5 Bd8 26. Rdg1 Nc2 27. Bd1 Bb6 28. Rg4 Bc5 29. gxf6 gxf6 30. Qc3 Qa7 31. Qg3 Be3 32. Rh2 Qd4 33. Qg2 Qxd1# 0-1

[Event "Early-Titled-Tuesday-Blitz-November-28-2023"]
[Site "Chess.com"]
[Date "2023.11.28"]
[Round "9"]
[White "missponyo10"]
[Black "dianamirza"]
[Result "0-1"]
[WhiteElo "2195"]
[BlackElo "2013"]
[TimeControl "180+1"]
[EndTime "9:51:37 PST"]
[Termination "dianamirza won by resignation"]

1. e4 c5 2. Nf3 e6 3. d3 d5 4. Nbd2 Nf6 5. g3 b5 6. Bg2 a5 7. O-O Be7 8. Re1 a4 9. Qe2 b4 10. e5 Nfd7 11. Nf1 Nc6 12. h4 Ba6 13. N1h2 c4 14. Be3 b3 15. axb3 axb3 16. d4 Nb4 17. c3 Nc2 18. Rac1 Nxe1 19. Qxe1 Bb5 20. Ra1 O-O 21. Ng4 Rxa1 22. Qxa1 Qa8 23. Qd1 Qa2 24. Qd2 Qb1+ 25. Kh2 Ra8 26. Bg5 Bf8 27. h5 Ra2 28. h6 Rxb2 29. Qf4 g6 30. Bd8 Qe4 31. Qc1 Rb1 32.
Qg5 Qf5 33. Qh4 Qh5 34. Qxh5 gxh5 35. Nf6+ Nxf6 36. Bxf6 Bxh6 37. Bh3 Rc1 38. g4 hxg4 39. Bxg4 b2 40. Kg3 b1=Q 0-1

[Event "Early-Titled-Tuesday-Blitz-November-28-2023"]
[Site "Chess.com"]
[Date "2023.11.28"]
[Round "9"]
[White "GothamChess"]
[Black "Goffredo_Fofi"]
[Result "0-1"]
[WhiteElo "2645"]
[BlackElo "2481"]
[TimeControl "180+1"]
[EndTime "9:51:38 PST"]
[Termination "Goffredo_Fofi won on time"]

1. e4 g6 2. d4 Bg7 3. Nf3 c6 4. Nc3 d5 5. h3 dxe4 6. Nxe4 Nf6 7. Nxf6+ exf6 8. Qe2+ Be6 9. Bf4 O-O 10. Qd2 Re8 11. Be2 Bc4 12. Be3 Bxe2 13. Qxe2 f5 14. g3 c5 15.
O-O-O cxd4 16. Qc4 Nc6 17. Nxd4 Bxd4 18. Bxd4 Re4 19.
c3 Rc8 20. Kb1 Qe8 21. Qa4 Nxd4 22. Qxe8+ Rcxe8 23. cxd4 Rd8 24. d5 Re5 25. Rhe1 Rdxd5 26. Rxe5 Rxe5 27. Rd7 Re1+ 28. Kc2 Re2+ 29. Kc1 Rxf2 30. Rxb7 Rf3 31. Rxa7 Rxg3 32. h4 Kf8 33. a4 Rg4 34.
h5 gxh5 35. Ra5 Rf4 36. Ra8+ Kg7 0-1

[Event "Early-Titled-Tuesday-Blitz-November-28-2023"]
[Site "Chess.com"]
[Date "2023.11.28"]
[Round "9"]
[White "ilushka"]
[Black "Pingah9"]
[Result "0-1"]
[WhiteElo "2411"]
[BlackElo "2539"]
[TimeControl "180+1"]
[EndTime "9:51:38 PST"]
[Termination "Pingah9 won on time"]

1. Nf3 g6 2. e4 Bg7 3. d4 d6 4. c3 Nd7 5. Bd3 e6 6. h3 a6 7. O-O Ne7 8. Ne1 O-O 9. f4 Nb6 10.
Nf3 c5 11. Be3 Qc7 12. Na3 c4 13. Be2 Bd7 14. e5 Ned5 15. Bd2 Rac8 16. exd6 Qxd6 17. Ne5 Rfd8 18. Naxc4 Nxc4 19. Nxc4 Qe7 20. Ne5 Be8 21. Qb3 b5 22. Bf3 Nb6 23. Rae1 Qc7 24. g4 a5 25. Qd1 b4 26. f5 exf5 27. gxf5 Na4 28. fxg6 hxg6 29.
Qb3 Nxb2 30. Bd5 Bxe5 31. Rxe5 bxc3 32. Rxe8+ Rxe8 33. Rxf7 Qg3+ 34. Kf1 Rf8 35. Bxc3 Qxc3 36. Rf3+ Kg7 37. Qb7+ Qc7 0-1

[Event "Early-Titled-Tuesday-Blitz-November-28-2023"]
[Site "Chess.com"]
[Date "2023.11.28"]
[Round "9"]
[White "Der_Balak_3Halak"]
[Black "kkpanu9"]
[Result "1-0"]
[WhiteElo "2329"]
[BlackElo "2090"]
[TimeControl "180+1"]
[EndTime "9:51:40 PST"]
[Termination "Der_Balak_3Halak won on time"]

1. e4 c5 2. Nf3 d6 3. Bb5+ Bd7 4. Bxd7+ Qxd7 5. O-O e5 6. c3 Ne7 7. d4 cxd4 8. cxd4 Nbc6 9. Nc3 exd4 10. Nxd4 Nxd4 11. Qxd4 Nc6 12. Qe3 Be7 13. Nd5 O-O 14. Qg3 Kh8 15. Bf4 Rfd8 16. Rad1 Bf8 17. h4 Ne7 18. Ne3 Ng6 19.
Nf5 Nxf4 20. Qxf4 Qe6 21. b3 g6 22. Ne3 Bg7 23. h5 Be5 24. Qf3 gxh5 25. Qxh5 Rg8 26.
Nf5 Qg6 27. Qxg6 Rxg6 28. f4 Bb2 29. Rxd6 Ba3 30. Rxg6 hxg6 31. Ng3 Kg7 32. Rd1 Rc8 33. Rd2 Rc1+ 34. Kf2 Bc5+ 35. Ke2 Rg1 36. Kf3 Rf1+ 37. Nxf1 1-0

[Event "Early-Titled-Tuesday-Blitz-November-28-2023"]
[Site "Chess.com"]
[Date "2023.11.28"]
[Round "9"]
[White "Ziyamammadov"]
[Black "Barmen_EV"]
[Result "0-1"]
[WhiteElo "1900"]
[BlackElo "2473"]
[TimeControl "180+1"]
[EndTime "9:51:40 PST"]
[Termination "Barmen_EV won by resignation"]

1. e4 d5 2. exd5 Nf6 3. d4 Bg4 4. Nf3 Qxd5 5. c4 Qh5 6. Be2 Nc6 7. Nc3 O-O-O 8. Be3 e5 9. d5 e4 10. Nd2 Ne5 11. O-O Bd6 12. Bxg4+ Nexg4 13. h3 Nxe3 14. Qxh5 Nxh5 15. fxe3 Bc5 16. Rae1 Ng3 17. Rxf7 g6 18.
Ndxe4 Nxe4 19. Nxe4 Bb4 20. Nc3 Rd7 21. Ref1 a6 22. a3 Bc5 23. Rxd7 Kxd7 24. Ne4 Bxe3+ 25.
Kh1 Bd4 26. b4 Re8 27. Rf7+ Kd8 28. Ng5 Re1+ 29. Kh2 Be5+ 30. g3 Re2+ 31. Kg1 Bxg3 32. Ne6+ Kc8 33. Rf8+ Kd7 34. Rd8+ Ke7 35. Rg8 Be5 36.
Rb8 b6 37. c5 Ra2 38. cxb6 cxb6 39. Rxb6 Rxa3 40. Rb7+ Kd6 41. Rxh7 Kxd5 42. Ng5 Kc4 43. Rb7 Bd4+ 44. Kf1 Ra2 45. Ne6 Bc3 46. Rc7+ Kxb4 47.
Rb7+ Kc4 48. Rc7+ Kd3 49. Rd7+ Ke4 50. Nc5+ Ke5 51. Nd3+ Kf5 52. Rd5+ Ke4 53. Rd7 a5 54. Nc5+ Ke5 55. Nd3+ Kf5 56. Rc7 Bd4 57. Rd7 Ke4 58. Ne1 Rf2+ 59. Kg1 Rf7+ 0-1

[Event "Early-Titled-Tuesday-Blitz-November-28-2023"]
[Site "Chess.com"]
[Date "2023.11.28"]
[Round "9"]
[White "DDTerziev04"]
[Black "Felix-Rose"]
[Result "0-1"]
[WhiteElo "2141"]
[BlackElo "2341"]
[TimeControl "180+1"]
[EndTime "9:51:41 PST"]
[Termination "Felix-Rose won on time"]

1. d4 d5 2. Nf3 Nf6 3. e3 c5 4. Be2 Nc6 5. b3 cxd4 6. exd4 Bg4 7. O-O e6 8. Bb2 Bd6 9. Nbd2 O-O 10. h3 Bh5 11. Re1 Rc8 12. c4 dxc4 13. bxc4 b6 14. Rf1 Qe7 15. Bd3 Ba3 16. Bc3 Bb4 17. Bb2 Rfd8 18.
Ne4 Nxe4 19. Bxe4 Bxf3 20. Qxf3 Nxd4 21. Qe3 Bc5 22. Rad1 Qf6 23. Kh1 Rc7 24. Rd3 Rcd7 25. Rfd1 e5 26. Qg3 g6 27. Bd5 Nf5 28. Qxe5 Qxe5 29.
Bxe5 Kf8 30. Rf1 Ne7 0-1

[Event "Early-Titled-Tuesday-Blitz-November-28-2023"]
[Site "Chess.com"]
[Date "2023.11.28"]
[Round "9"]
[White "copanchess"]
[Black "DonCiao"]
[Result "1/2-1/2"]
[WhiteElo "2174"]
[BlackElo "2112"]
[TimeControl "180+1"]
[EndTime "9:51:41 PST"]
[Termination "Game drawn by repetition"]

1. e4 c5 2. d4 cxd4 3. c3 Nf6 4.
e5 Nd5 5. Nf3 Nc6 6. cxd4 d6 7. a3 dxe5 8. dxe5 Bg4 9. Be2 e6 10.
O-O Bxf3 11. Bxf3 Nxe5 12. Be2 Be7 13. Qb3 Qb6 14. Qg3 Ng6 15. Bd2 O-O 16. Nc3 Rad8 17. Rab1 Bf6 18. Nxd5 Rxd5 19. Be3 Qd6 20. Qf3 Ne5 21.
Qg3 Qd7 22. h4 Rd8 23. h5 Kh8 24. h6 g6 25. Qf4 Qe7 26. Bxa7 Bg5 27. Qg3 Bxh6 28. Rfd1 Rxd1+ 29. Rxd1 Rxd1+ 30. Bxd1 Bg7 31. b4 h5 32. Bc5 Qd7 33. Be2 Qd5 34. Qf4 Kg8 35.
a4 Nd3 36. Qb8+ Kh7 37. Bxd3 Qxd3 38. Qxb7 Qd1+ 39. Kh2 Be5+ 40. g3 Kg7 41. a5 h4 42.
Qg2 hxg3+ 43. fxg3 Qh5+ 44. Kg1 Qd1+ 45. Kh2 Qh5+ 46.
Qh3 Qe2+ 47. Qg2 Qh5+ 1/2-1/2

[Event "Early-Titled-Tuesday-Blitz-November-28-2023"]
[Site "Chess.com"]
[Date "2023.11.28"]
[Round "9"]
[White "SimplyDevina"]
[Black "masterofpuppets2"]
[Result "0-1"]
[WhiteElo "2393"]
[BlackElo "2515"]
[TimeControl "180+1"]
[EndTime "9:51:42 PST"]
[Termination "masterofpuppets2 won by checkmate"]

1. d4 d5 2. c4 e6 3. Nc3 Bb4 4. cxd5 exd5 5. Nf3 Nf6 6. Bg5 Qd6 7.
Bxf6 Qxf6 8. e3 O-O 9. Be2 c6 10. O-O Nd7 11. Rc1 Qe7 12. Bd3 Bd6 13. Ne2 Nf6 14. Ng3 Ne4 15. a3 a5 16. Qc2 f5 17.
Rfe1 Rf6 18. Bxe4 fxe4 19. Nd2 Rh6 20. f4 exf3 21. gxf3 Qh4 22. Ndf1 Bh3 23. Qf2 Rf8 24. f4 Bg4 25. Ne2 Qh3 26. Nfg3 Rg6 27. Qg2 Qh4 28. Rc3 Bh3 29. Qf2 Qg4 30. Kh1 h5 31. Rg1 Qh4 32.
Qf3 Bg4 33. Qf2 Bf5 34. Qe1 Bd7 35. Rg2 Qh3 36. Qg1 Bg4 37. Rf2 h4 38. Nf1 Bf3+ 39.
Rxf3 Qxf3+ 40. Qg2 Qxg2# 0-1

[Event "Early-Titled-Tuesday-Blitz-November-28-2023"]
[Site "Chess.com"]
[Date "2023.11.28"]
[Round "9"]
[White "Kapitan_Bayan"]
[Black "Khromkin"]
[Result "1-0"]
[WhiteElo "2303"]
[BlackElo "2455"]
[TimeControl "180+1"]
[EndTime "9:51:43 PST"]
[Termination "Kapitan_Bayan won on time"]

1. e4 c5 2. Nf3 Nc6 3. Bb5 g6 4.
Bxc6 dxc6 5. O-O Bg7 6. Re1 Nh6 7. d3 f6 8. Nc3 e5 9. a4 b6 10. a5 Be6 11. h3 O-O 12. Be3 Nf7 13. Qd2 Qc7 14. b3 f5 15. Qe2 f4 16. Bd2 g5 17. Nh2 Nd6 18. Qh5 Qe7 19. h4 gxh4 20.
Nf3 Bf7 21. Qxh4 Bf6 22. Qh6 Kh8 23. Kf1 b5 24. Ke2 Rg8 25. Rh1 Rg7 26. Rag1 c4 27. b4 cxd3+ 28. cxd3 Rd8 29. Nd1 Nxe4 30. dxe4 Bc4+ 31.
Ke1 Rd3 32. Nb2 Rb3 33. Nxc4 bxc4 34. g3 c3 35. gxf4 cxd2+ 36. Nxd2 Rxg1+ 37. Rxg1 1-0

[Event "Early-Titled-Tuesday-Blitz-November-28-2023"]
[Site "Chess.com"]
[Date "2023.11.28"]
[Round "9"]
[White "Chessbard1972"]
[Black "noblerone"]
[Result "1-0"]
[WhiteElo "2413"]
[BlackElo "2502"]
[TimeControl "180+1"]
[EndTime "9:51:44 PST"]
[Termination "Chessbard1972 won by resignation"]

1. d4 d5 2. c4 c6 3. Nf3 Nf6 4. Nc3 dxc4 5. a4 Bf5 6. e3 e6 7. a5 Na6 8. Bxc4 Nb4 9. O-O Be7 10. h3 h6 11. Qe2 Nbd5 12. Bd2 O-O 13. Ne5 Bh7 14. f3 Rc8 15. e4 Nb4 16. Be3 Nh5 17.
Rfd1 Bg5 18. Bf2 Nf4 19. Qf1 Ng6 20. Nd3 Nc2 21. Ra4 Ne3 22. Qe2 Nxd1 23. Nxd1 Nf4 24.
Nxf4 Bxf4 25. g3 Bc7 26. b4 a6 27. Ra3 Bg6 28. f4 Re8 29. Qf3 Qe7 30. Rb3 Kh8 31. Ne3 Rcd8 32. Ng4 Bh5 33. Qe3 Bxg4 34. hxg4 Qf6 35.
Kg2 Qe7 36. Rb1 Kg8 37. Qf3 Rd7 38. Bd3 Red8 39. e5 Bb8 40. Qe4 g6 41. f5 exf5 42.
gxf5 Qg5 43. fxg6 fxg6 44. Be3 Qg4 45. Qxg4 1-0

[Event "Early-Titled-Tuesday-Blitz-November-28-2023"]
[Site "Chess.com"]
[Date "2023.11.28"]
[Round "9"]
[White "stratacticos"]
[Black "Me_ch_an"]
[Result "0-1"]
[WhiteElo "1757"]
[BlackElo "2321"]
[TimeControl "180+1"]
[EndTime "9:51:44 PST"]
[Termination "Me_ch_an won on time"]

1. e4 c5 2. b4 cxb4 3. a3 e5 4. axb4 Bxb4 5. Nf3 Nc6 6. Bb5 Nf6 7. c3 Be7 8. d3 Qc7 9. O-O O-O 10. Na3 a6 11. Nc2 d5 12. Qe2 Bg4 13. Bxc6 bxc6 14. h3 dxe4 15. hxg4 exf3 16. Qxf3 Rfd8 17. c4 e4 18.
dxe4 Qe5 19. Re1 Bb4 20. Bf4 Qc3 21. Nxb4 Qxb4 22. g5 Nd7 23. Red1 Qxc4 24. Rac1 Qe6 25. Rd6 Ne5 26. Bxe5 Qxe5 27. Rdxc6 Qxg5 28. Rc7 Rf8 29. e5 h6 30. R1c5 Qg6 31. R5c6 Qb1+ 32. Kh2 a5 33.
Qg3 Kh8 34. e6 Qf5 35. Rxf7 Rxf7 36. exf7 Qxf7 0-1

[Event "Early-Titled-Tuesday-Blitz-November-28-2023"]
[Site "Chess.com"]
[Date "2023.11.28"]
[Round "9"]
[White "lefonghua"]
[Black "SayonaraPonytail"]
[Result "0-1"]
[WhiteElo "2706"]
[BlackElo "2572"]
[TimeControl "180+1"]
[EndTime "9:51:45 PST"]
[Termination "SayonaraPonytail won by resignation"]

1. d4 d5 2. c4 c6 3. Nf3 Nf6 4. Nc3 dxc4 5. a4 Bf5 6. Ne5 Nbd7 7.
Nxc4 Nb6 8. Ne5 a5 9. f3 Nfd7 10. Nxd7 Bxd7 11. e4 e6 12. Be3 Bb4 13. Be2 O-O 14. O-O Rc8 15. Qb3 c5 16. dxc5 Bxc5 17. Bxc5 Rxc5 18. Rfd1 Qc7 19. Rd2 Rh5 20. g3 Qc5+ 21. Kg2 e5 22. h4 Rh6 23. Rad1 Bc6 24. Bb5 Rf6 25. Nd5 Bxd5 26. exd5 Rd8 27. Qc3 Qd6 28.
Qe3 h5 29. Re1 Nxd5 30. Qxe5 Qxe5 31. Rxe5 Nf4+ 32. gxf4 Rxd2+ 33. Kf1 Rxb2 34. Bd3 g6 35. Rxa5 Rxf4 36. Be4 Rxh4 37. Kg1 Rf4 38. Ra7 b6 39. Rb7 Ra2 40. Rxb6 Rxa4 41. Rb7 Ra2 42. Bd5 Rd2 43. Be4 Kg7 44. Rc7 Rf6 45. Rb7 g5 46. Rb5 g4 47.
fxg4 hxg4 48. Rg5+ Kf8 49. Rxg4 Ra6 50. Rf4 Ra1+ 51.
Rf1 Rxf1+ 52. Kxf1 Ke7 53. Ke1 Rb2 54. Kf1 Ke6 0-1

[Event "Early-Titled-Tuesday-Blitz-November-28-2023"]
[Site "Chess.com"]
[Date "2023.11.28"]
[Round "9"]
[White "tantaan"]
[Black "ideika"]
[Result "1-0"]
[WhiteElo "2350"]
[BlackElo "2178"]
[TimeControl "180+1"]
[EndTime "9:51:45 PST"]
[Termination "tantaan won on time"]

1. d4 d5 2. c4 e6 3. Nc3 c6 4. Nf3 Nf6 5. e3 Nbd7 6. Be2 Bd6 7. O-O O-O 8. b3 dxc4 9. bxc4 e5 10. Bb2 Qe7 11.
Re1 Re8 12. e4 exd4 13. Nxd4 Nc5 14. Bf3 Qe5 15. g3 Bh3 16. Qe2 Qxd4 17. Rad1 Qe5 18.
Nb5 cxb5 19. Bxe5 Bxe5 20. cxb5 b6 21. Bg2 Bxg2 22. Kxg2 Nfxe4 23. Qf3 Bc3 24. Re3 Bd2 25. Re2 Bg5 26. h4 Bh6 27. Rde1 Nf6 28. Rxe8+ Rxe8 29. Rxe8+ Nxe8 30. Qa8 Kf8 31. Qxa7 g6 32. Qxb6 Ne6 33. a4 Bg7 34. a5 1-0

[Event "Early-Titled-Tuesday-Blitz-November-28-2023"]
[Site "Chess.com"]
[Date "2023.11.28"]
[Round "9"]
[White "secretsuperstar7"]
[Black "Witty_Alien"]
[Result "1-0"]
[WhiteElo "2447"]
[BlackElo "2234"]
[TimeControl "180+1"]
[EndTime "9:51:45 PST"]
[Termination "secretsuperstar7 won on time"]

1. c4 b5 2. cxb5 a6 3. bxa6 Rxa6 4. e4 Re6 5. Nc3 d5 6. d3 Nf6 7. Bg5 dxe4 8. Bxf6 exd3+ 9. Kd2 exf6 10. Bxd3 Nc6 11. Nf3 Ba6 12. Ne1 Bc5 13. Qa4 Bb7 14. Rd1 O-O 15. Kc1 Nd4 16. Nc2 Rd6 17. Ne3 Bc6 18.
Qc4 Bb6 19. Nf5 Nxf5 20. Bxf5 Rxd1+ 21. Rxd1 Qa8 22. Qh4 g6 23. Bc2 Kg7 24. g4 Bf3 25. Re1 Qa5 26. Qg3 Qg5+ 27. Kb1 Qd2 28. Rc1 Bc6 29. f4 Rb8 30. Rd1 Qe3 31. Bb3 Qc5 32. g5 fxg5 33. fxg5 Qf5+ 34. Ka1 Ba5 35. Rc1 Rxb3 36.
axb3 Bxc3 37. Qxc3+ 1-0

[Event "Early-Titled-Tuesday-Blitz-November-28-2023"]
[Site "Chess.com"]
[Date "2023.11.28"]
[Round "9"]
[White "Ron_Weasley_Chess"]
[Black "Journey_to_GrandMaster_YT"]
[Result "1-0"]
[WhiteElo "2424"]
[BlackElo "2518"]
[TimeControl "180+1"]
[EndTime "9:51:46 PST"]
[Termination "Ron_Weasley_Chess won by checkmate"]

1. Nf3 d6 2. g3 Nf6 3. Bg2 Nbd7 4. O-O e5 5. d3 Be7 6. c4 O-O 7. Nc3 c6 8. Rb1 a5 9. a3 d5 10. b4 axb4 11. axb4 d4 12. Na4 Re8 13. b5 Qa5 14. bxc6 bxc6 15. Ra1 Bb4 16. Bd2 h6 17. Nb2 Qxa1 18.
Qxa1 Rxa1 19. Rxa1 Bc5 20. Ra8 Bb7 21. Rxe8+ Nxe8 22. Na4 Bd6 23. Nh4 h5 24. Nf5 Bf8 25. Bf3 g6 26.
Nh4 Nd6 27. Bb4 e4 28. Bxe4 Nxe4 29. Bxf8 Kxf8 30. dxe4 Ba6 31. Nf3 Bxc4 32. Nb2 Bxe2 33.
Nxd4 Bb5 34. Nxb5 cxb5 35. Kf1 Nc5 36. f3 Ke7 37. Ke2 Kd6 38. Ke3 Kc6 39. Kd4 Ne6+ 40.
Ke5 Ng5 41. f4 Nf3+ 42. Kf6 Nxh2 43. Kxf7 Nf1 44. e5 Nxg3 45. e6 Nf5 46. Kxg6 h4 47. Kxf5 h3 48. Nd3 h2 49. Nf2 b4 50. Ke4 Kd6 51. f5 b3 52. Kd3 b2 53. Kc2 Ke5 54.
Kxb2 Kxf5 55. e7 Kf4 56. e8=Q Kf3 57. Qe4+ Kxf2 58. Qh1 Kg3 59. Kc3 Kh3 60. Kd3 Kg3 61.
Ke3 Kh3 62. Kf4 Kh4 63. Qxh2# 1-0